PAAA
HOUSTON BC @ NAPERVILLE BATTLEKINGS
07/17/2029
 
TOP OF THE 1ST
Houston BC batting - Pitching for Naperville Battlekings : RHP Steve Gardner
Pitching: RHP Steve Gardner
Batting: RHB Habbo Allaart 0-0: Ball
1-0: Ball
2-0: Foul Ball, location: 2F
2-1: Ball
3-1: Fly out, F9 (Flyball, 9)
Batting: RHB Alfredo Mojica 0-0: Foul Ball, location: 2F
0-1: Called Strike
0-2: Ball
1-2: Ball
2-2: Fly out, F9 (Flyball, 89S)
Batting: LHB Dawit Lihalakha 0-0: Called Strike
0-1: Ball
1-1: Foul Ball, location: 2F
1-2: Foul Ball, location: 2F
1-2: Ball
2-2: SINGLE (Popup, 6D)
Batting: RHB António López 0-0: Ball
1-0: Ball
2-0: Called Strike
2-1: Foul Ball, location: 2F
2-2: Foul Ball, location: 2F
2-2: Ball
3-2: Fly out, F8 (Flyball, 8LS)
Top of the 1st over - 0 runs, 1 hit, 0 errors, 1 left on base; Houston 0 - Naperville 0
BOTTOM OF THE 1ST
Naperville Battlekings batting - Pitching for Houston BC : RHP Arnout Els
Pitching: RHP Arnout Els
Batting: LHB Arthur Ryan 0-0: Foul Ball, location: 2F
0-1: Ball
1-1: Ball
2-1: Fly out, F9 (Flyball, 9LMF)
Batting: LHB Marcos Costa 0-0: Foul Ball, location: 2F
0-1: Ball
1-1: Ball
2-1: Ball
3-1: Foul Ball, location: 2F
3-2: Base on Balls
Batting: RHB Bill Rinck 0-0: Ball
1-0: Ball
2-0: DOUBLE (Groundball, 3L)
Marcos Costa to third
Runner from 3rd tries for Home, SAFE, no throw
Batting: LHB Naohiro Sakai 0-0: Ball
1-0: Called Strike
1-1: Ball
2-1: Ball
3-1: Base on Balls
Batting: RHB Jorge Baker 0-0: Ball
Naohiro Sakai is caught stealing 2nd base
1-0: Foul Ball, location: 2F
1-1: Ground out 6-3 (Groundball, 6M)
Bottom of the 1st over - 1 run, 1 hit, 0 errors, 1 left on base; Houston 0 - Naperville 1
TOP OF THE 2ND
Houston BC batting - Pitching for Naperville Battlekings : RHP Steve Gardner
Batting: RHB Ludovico Trezza 0-0: Foul Ball, location: 2F
0-1: Foul Ball, location: 2F
0-2: Ball
1-2: Ball
2-2: Ball
3-2: Foul Ball, location: 2F
3-2: Base on Balls
Batting: RHB Clarence Fox 0-0: Called Strike
0-1: Ground out 5-3 (Groundball, 25)
Ludovico Trezza to second
Batting: LHB Álex Ramírez 0-0: Called Strike
0-1: Foul Ball, location: 2F
0-2: Foul Ball, location: 2F
0-2: Ball
1-2: SINGLE (Groundball, 34D)
Ludovico Trezza to third
Runner from 3rd tries for Home, SAFE, no throw
Batting: RHB Tyler Utterback 0-0: Grounds into double play, 6-4-3 (Groundball, 6)
Top of the 2nd over - 1 run, 1 hit, 0 errors, 0 left on base; Houston 1 - Naperville 1
BOTTOM OF THE 2ND
Naperville Battlekings batting - Pitching for Houston BC : RHP Arnout Els
Batting: RHB Hirohisa Ogasawara 0-0: Called Strike
0-1: Ball
1-1: Foul Ball, location: 2F
1-2: Ball
2-2: Ground out 6-3 (Groundball, 6)
Batting: RHB Scott Zijm 0-0: Foul Ball, location: 2F
0-1: Foul Ball, location: 2F
0-2: Ball
1-2: Fly out, F8 (Flyball, 8RD)
Batting: RHB Fernando Martínez 0-0: Ball
1-0: Ground out 6-3 (Groundball, 56)
Bottom of the 2nd over - 0 runs, 0 hits, 0 errors, 0 left on base; Houston 1 - Naperville 1
TOP OF THE 3RD
Houston BC batting - Pitching for Naperville Battlekings : RHP Steve Gardner
Batting: RHB Dennis Morrow 0-0: Called Strike
0-1: Foul Ball, location: 2F
0-2: Foul Ball, location: 2F
0-2: Strikes out swinging
Batting: RHB Habbo Allaart 0-0: Foul Ball, location: 2F
0-1: Ball
1-1: Ball
2-1: Foul Ball, location: 2F
2-2: Ball
3-2: Strikes out swinging
Batting: RHB Alfredo Mojica 0-0: Ground out 5-3 (Groundball, 56S)
Top of the 3rd over - 0 runs, 0 hits, 0 errors, 0 left on base; Houston 1 - Naperville 1
BOTTOM OF THE 3RD
Naperville Battlekings batting - Pitching for Houston BC : RHP Arnout Els
Batting: LHB Rubén Aracil 0-0: Ground out 6-3 (Groundball, 6M)
Batting: LHB Arthur Ryan 0-0: Ball
1-0: Ball
2-0: Called Strike
2-1: Foul Ball, location: 2F
2-2: Foul Ball, location: 2F
2-2: SINGLE (Groundball, 6MD)
Batting: LHB Marcos Costa 0-0: Fly out, F8 (Flyball, 8LD)
Runner from 1st tags up, SAFE at 2nd
Batting: RHB Bill Rinck 0-0: Called Strike
0-1: Called Strike
0-2: Ball
1-2: Ball
2-2: Strikes out looking
Bottom of the 3rd over - 0 runs, 1 hit, 0 errors, 1 left on base; Houston 1 - Naperville 1
TOP OF THE 4TH
Houston BC batting - Pitching for Naperville Battlekings : RHP Steve Gardner
Batting: LHB Dawit Lihalakha 0-0: Swinging Strike
0-1: Swinging Strike
0-2: Ball
1-2: Strikes out swinging
Batting: RHB António López 0-0: Swinging Strike
0-1: Ball
1-1: Foul Ball, location: 2F
1-2: Ball
2-2: Strikes out swinging
Batting: RHB Ludovico Trezza 0-0: Called Strike
0-1: Ball
1-1: Swinging Strike
1-2: Foul Ball, location: 2F
1-2: Ground out 4-3 (Groundball, 4S)
Top of the 4th over - 0 runs, 0 hits, 0 errors, 0 left on base; Houston 1 - Naperville 1
BOTTOM OF THE 4TH
Naperville Battlekings batting - Pitching for Houston BC : RHP Arnout Els
Batting: LHB Naohiro Sakai 0-0: Fly out, F9 (Line Drive, 89XD)
Batting: RHB Jorge Baker 0-0: Called Strike
0-1: Foul Ball, location: 2F
0-2: Foul Ball, location: 2F
0-2: Ball
1-2: Ball
2-2: Ball
3-2: Ground out 6-3 (Groundball, 6)
Batting: RHB Hirohisa Ogasawara 0-0: Called Strike
0-1: Ground out 4-3 (Groundball, 4)
Bottom of the 4th over - 0 runs, 0 hits, 0 errors, 0 left on base; Houston 1 - Naperville 1
TOP OF THE 5TH
Houston BC batting - Pitching for Naperville Battlekings : RHP Steve Gardner
Batting: RHB Clarence Fox 0-0: DOUBLE (Flyball, 78D)
Batting: LHB Álex Ramírez 0-0: Ball
1-0: Fly out, F3 (Popup, 3)
Batting: RHB Tyler Utterback 0-0: Ball
1-0: Called Strike
1-1: Ball
2-1: Ball
3-1: Fly out, F7 (Flyball, 7LS)
Batting: RHB Dennis Morrow 0-0: Ball
1-0: Called Strike
1-1: Ball
2-1: Called Strike
2-2: Fly out, F7 (Flyball, 7LSF)
Top of the 5th over - 0 runs, 1 hit, 0 errors, 1 left on base; Houston 1 - Naperville 1
BOTTOM OF THE 5TH
Naperville Battlekings batting - Pitching for Houston BC : RHP Arnout Els
Batting: RHB Scott Zijm 0-0: Ball
1-0: Called Strike
1-1: Fly out, F9 (Flyball, 9S)
Batting: RHB Fernando Martínez 0-0: Ball
1-0: Ball
2-0: Ball
3-0: Base on Balls
Batting: LHB Rubén Aracil 0-0: Swinging Strike
0-1: Called Strike
0-2: Ball
1-2: SINGLE (Flyball, 34D)
Fernando Martínez to second
Runner from 2nd tries for 3rd, SAFE, no throw
Batting: LHB Arthur Ryan 0-0: Foul Ball, location: 2F
0-1: Ball
1-1: SINGLE (Flyball, 89S)
Fernando Martínez scores
Rubén Aracil to second
Batting: LHB Marcos Costa 0-0: Ball
1-0: Foul Ball, location: 2F
1-1: Ball
2-1: Grounds into double play, 6-4-3 (Groundball, 6)
Bottom of the 5th over - 1 run, 2 hits, 0 errors, 1 left on base; Houston 1 - Naperville 2
TOP OF THE 6TH
Houston BC batting - Pitching for Naperville Battlekings : RHP Steve Gardner
Batting: RHB Habbo Allaart 0-0: Ball
1-0: Ball
2-0: Foul Ball, location: 2F
2-1: Ball
3-1: Foul Ball, location: 2F
3-2: Foul Ball, location: 2F
3-2: Foul Ball, location: 2F
3-2: Base on Balls
Batting: RHB Alfredo Mojica 0-0: Called Strike
Habbo Allaart steals 2nd base
0-1: Ball
1-1: Fly out, F7 (Flyball, 7D)
Runner from 2nd tags up, SAFE at 3rd, no throw
Batting: LHB Dawit Lihalakha 0-0: Called Strike
0-1: Called Strike
0-2: Foul Ball, location: 2F
0-2: Ground out 6-3 (Groundball, 6)
Batting: RHB António López 0-0: Hit by Pitch
Batting: RHB Ludovico Trezza 0-0: Ball
1-0: Called Strike
1-1: Swinging Strike
1-2: SINGLE (Flyball, 7LS)
Habbo Allaart scores
António López to second
Batting: RHB Clarence Fox 0-0: Ball
1-0: Called Strike
1-1: Foul Ball, location: 2F
1-2: Foul Ball, location: 2F
1-2: Ground out 5-3 (Groundball, 56S)
Top of the 6th over - 1 run, 1 hit, 0 errors, 2 left on base; Houston 2 - Naperville 2
BOTTOM OF THE 6TH
Naperville Battlekings batting - Pitching for Houston BC : RHP Arnout Els
Batting: RHB Bill Rinck 0-0: SINGLE (Line Drive, 4D)
Batting: LHB Naohiro Sakai 0-0: Ball
1-0: Ball
2-0: Ball
3-0: Called Strike
3-1: Base on Balls
Bill Rinck to second
Batting: RHB Jorge Baker 0-0: Ball
1-0: Called Strike
1-1: Fly out, F9 (Flyball, 89S)
Batting: RHB Hirohisa Ogasawara 0-0: Ball
1-0: Swinging Strike
1-1: Ground out 3-1 (Groundball, 34S)
Bill Rinck to third
Naohiro Sakai to second
Batting: RHB Scott Zijm 0-0: Ground out 5-3 (Groundball, 56)
Bottom of the 6th over - 0 runs, 1 hit, 0 errors, 2 left on base; Houston 2 - Naperville 2
TOP OF THE 7TH
Houston BC batting - Pitching for Naperville Battlekings : RHP Steve Gardner
Batting: LHB Álex Ramírez 0-0: Foul Ball, location: 2F
0-1: Foul Ball, location: 2F
0-2: Foul Ball, location: 2F
0-2: Ball
1-2: Fly out, F9 (Flyball, 9S)
Batting: RHB Tyler Utterback 0-0: Called Strike
0-1: Ball
1-1: Foul Ball, location: 2F
1-2: Foul Ball, location: 2F
1-2: Strikes out swinging
Batting: RHB Dennis Morrow 0-0: Ball
1-0: SINGLE (Flyball, 7S)
Pitching: LHP Chris Rogers
Batting: RHB Habbo Allaart 0-0: Foul Ball, location: 2F
0-1: Ball
1-1: Called Strike
1-2: Foul Ball, location: 2F
1-2: Strikes out swinging
Top of the 7th over - 0 runs, 1 hit, 0 errors, 1 left on base; Houston 2 - Naperville 2
BOTTOM OF THE 7TH
Naperville Battlekings batting - Pitching for Houston BC : RHP Arnout Els
Pinch Hitting: LHB Ferris Minor 0-0: Ball
1-0: Called Strike
1-1: Foul Ball, location: 2F
1-2: Ball
2-2: Strikes out swinging
Batting: LHB Rubén Aracil 0-0: Ball
1-0: Called Strike
1-1: Ball
2-1: DOUBLE (Line Drive, 89D)
Batting: LHB Arthur Ryan 0-0: Intentional Walk
Batting: LHB Marcos Costa 0-0: Ball
1-0: Foul Ball, location: 2F
1-1: Ball
2-1: Ground out U3 (Groundball, 3L)
Rubén Aracil to third
Arthur Ryan to second
Batting: RHB Bill Rinck 0-0: Ball
1-0: Fly out, F6 (Line Drive, 6)
Bottom of the 7th over - 0 runs, 1 hit, 0 errors, 2 left on base; Houston 2 - Naperville 2
TOP OF THE 8TH
Houston BC batting - Pitching for Naperville Battlekings : LHP Chris Rogers
Now at 3B: Jimmy Dawson
Batting: RHB Alfredo Mojica 0-0: Called Strike
0-1: Swinging Strike
0-2: Ball
1-2: Strikes out swinging
Batting: LHB Dawit Lihalakha 0-0: Ball
1-0: Called Strike
1-1: Ball
2-1: Called Strike
2-2: Fly out, F5 (Popup, 5SF)
Batting: RHB António López 0-0: Foul Ball, location: 2F
0-1: Called Strike
0-2: Ball
1-2: Fly out, F3 (Popup, 3L)
Top of the 8th over - 0 runs, 0 hits, 0 errors, 0 left on base; Houston 2 - Naperville 2
BOTTOM OF THE 8TH
Naperville Battlekings batting - Pitching for Houston BC : RHP Arnout Els
Batting: LHB Naohiro Sakai 0-0: Swinging Strike
0-1: Ball
1-1: Called Strike
1-2: Ground out 4-3 (Groundball, 4)
Batting: RHB Jorge Baker 0-0: Called Strike
0-1: Ball
1-1: Ball
2-1: Ball
3-1: Foul Ball, location: 2F
3-2: Fly out, F7 (Flyball, 7S)
Batting: RHB Hirohisa Ogasawara 0-0: Fly out, F8 (Flyball, 8RXD)
Bottom of the 8th over - 0 runs, 0 hits, 0 errors, 0 left on base; Houston 2 - Naperville 2
TOP OF THE 9TH
Houston BC batting - Pitching for Naperville Battlekings : LHP Chris Rogers
Batting: RHB Ludovico Trezza 0-0: Ball
1-0: Ball
2-0: Ball
3-0: Called Strike
3-1: Swinging Strike
3-2: Base on Balls
Batting: RHB Clarence Fox 0-0: Ball
1-0: Ball
2-0: Ball
3-0: Swinging Strike
3-1: Sac Bunt - play at first, batter OUT! 5-4
Ludovico Trezza to second
Batting: LHB Álex Ramírez 0-0: Ball
1-0: Ball
2-0: Called Strike
2-1: Called Strike
2-2: Foul Ball, location: 2F
2-2: Foul Ball, location: 2F
2-2: Foul Ball, location: 2F
2-2: Foul Ball, location: 2F
2-2: Ball
3-2: Foul Ball, location: 2F
3-2: Fly out, F5 (Popup, 56S)
Batting: RHB Tyler Utterback 0-0: DOUBLE (Line Drive, 78D)
Ludovico Trezza scores
Batting: RHB Dennis Morrow 0-0: Foul Ball, location: 2F
0-1: SINGLE (Groundball, 56D)
Tyler Utterback to third
Runner from 3rd tries for Home, SAFE, no throw
Batting: RHB Habbo Allaart 0-0: Foul Ball, location: 2F
0-1: Called Strike
0-2: Strikes out swinging
Top of the 9th over - 2 runs, 2 hits, 0 errors, 1 left on base; Houston 4 - Naperville 2
BOTTOM OF THE 9TH
Naperville Battlekings batting - Pitching for Houston BC : RHP Arnout Els
Pitching: RHP William DeWitt
Batting: RHB Scott Zijm 0-0: Foul Ball, location: 2F
0-1: Ball
1-1: Ball
2-1: Fly out, F9 (Line Drive, 9S)
Batting: RHB Jimmy Dawson 0-0: SINGLE (Groundball, 6M) (infield hit)
Pinch Hitting: LHB Juan Villanueva 0-0: Ball
1-0: Ball
2-0: Ball
3-0: Called Strike
3-1: Swinging Strike
3-2: Base on Balls
Jimmy Dawson to second
Batting: LHB Arthur Ryan 0-0: Swinging Strike
0-1: Swinging Strike
0-2: Ball
1-2: Strikes out swinging
Batting: LHB Marcos Costa 0-0: Swinging Strike
0-1: Ground out 4-3 (Groundball, 4)
Bottom of the 9th over - 0 runs, 1 hit, 0 errors, 2 left on base; Houston 4 - Naperville 2
Tuesday, December 19th, 2017 - OOTP Baseball 18.8 Build 76